[ AOE2 MATCH · #483789951 ]
Team RMTeutons vs Persians
[ REPLAY ANALYSIS · EXTRACTED FROM THE RECORDED GAME ]
Feudal
13:49
Castle
—
Imperial
—
| APM avg | 16.1 |
| APM peak | 40 |
| eAPM avg | 13.6 |
| Villagers / military | 58 / 18 |
Focus
⚔️ 9.8% · 🌾 90.2%
Militia ×10 · Spearman ×5 · Archer ×3
Feudal
12:51
Castle
—
Imperial
—
| APM avg | 10.5 |
| APM peak | 27 |
| eAPM avg | 6.0 |
| Villagers / military | 34 / 0 |
Focus
⚔️ 0.0% · 🌾 100.0%
Feudal
16:42
Castle
—
Imperial
—
| APM avg | 8.3 |
| APM peak | 18 |
| eAPM avg | 6.2 |
| Villagers / military | 37 / 0 |
Focus
⚔️ 3.8% · 🌾 96.2%
Fishing Ship ×3
Feudal
14:04
Castle
—
Imperial
—
| APM avg | 32.2 |
| APM peak | 70 |
| eAPM avg | 9.6 |
| Villagers / military | 44 / 0 |
Focus
⚔️ 3.1% · 🌾 96.9%
Fishing Ship ×25
Feudal
11:43
Castle
—
Imperial
—
| APM avg | 14.7 |
| APM peak | 50 |
| eAPM avg | 6.2 |
| Villagers / military | 38 / 0 |
Focus
⚔️ 1.9% · 🌾 98.1%
Feudal
13:07
Castle
—
Imperial
—
| APM avg | 8.6 |
| APM peak | 27 |
| eAPM avg | 6.1 |
| Villagers / military | 18 / 4 |
Focus
⚔️ 25.0% · 🌾 75.0%
Fishing Ship ×6 · Spearman ×4
Match map
Initial resources + every placement click. Lines = walls · curves = elevation contours. ◆ gold · ⬟ stone · ● berries · ✦ relic · ◌ wall gap
Your base· Open — unwalled flank
danielrojaslaw's base· Open — unwalled flank
Arya's base· Open — unwalled flank
EL SANTO PADRE EL ORIGINAL's base· Open — unwalled flank
wallis159's base· Open — unwalled flank
RAFAEL CORREA DELGADO's base· Open — unwalled flank
Smoothed initial terrain · ◌ = detected wall gap · hover for details
Inputs per minute
— EL_PUERCO_REDENTOR - - danielrojaslaw
Build order — EL_PUERCO_REDENTOR
116 actions detected in the replay
| 0:04 | Research | Loom |
| 0:05 | Create | Villager (Male) |
| 0:05 | Create | Villager (Male) |
| 0:05 | Create | Villager (Male) |
| 0:05 | Create | Villager (Male) |
| 0:06 | Create | Villager (Male) |
| 0:30 | Build | House |
| 0:31 | Build | House |
| 0:32 | Build | House |
| 1:59 | Create | Villager (Male) |
| 2:29 | Create | Villager (Male) |
| 3:10 | Create | Villager (Male) |
| 3:10 | Create | Villager (Male) |
| 3:39 | Create | Villager (Male) |
| 4:01 | Create | Villager (Male) |
| 4:16 | Create | Villager (Male) |
| 4:42 | Create | Villager (Male) |
| 4:43 | Create | Villager (Male) |
| 4:58 | Create | Villager (Male) |
| 4:58 | Create | Villager (Male) |
| 5:25 | Create | Villager (Male) |
| 5:25 | Create | Villager (Male) |
| 5:38 | Create | Villager (Male) |
| 5:38 | Create | Villager (Male) |
| 6:20 | Build | Lumber Camp |
| 6:21 | Create | Villager (Male) |
| 6:22 | Create | Villager (Male) |
| 6:22 | Create | Villager (Male) |
| 6:22 | Create | Villager (Male) |
| 6:36 | Build | House |
| 6:53 | Create | Villager (Male) |
| 7:11 | Build | House |
| 7:28 | Build | Mill |
| 7:29 | Create | Villager (Male) |
| 7:29 | Create | Villager (Male) |
| 7:29 | Create | Villager (Male) |
| 7:41 | Create | Villager (Male) |
| 7:42 | Create | Villager (Male) |
| 7:42 | Create | Villager (Male) |
| 7:43 | Create | Villager (Male) |
| 8:05 | Create | Villager (Male) |
| 8:05 | Create | Villager (Male) |
| 8:17 | Build | Mill |
| 8:19 | Create | Villager (Male) |
| 8:19 | Create | Villager (Male) |
| 8:26 | Build | House |
| 8:35 | Create | Villager (Male) |
| 8:55 | Build | House |
| 9:15 | Build | Mining Camp |
| 9:17 | Create | Villager (Male) |
| 9:17 | Create | Villager (Male) |
| 10:12 | Build | House |
| 10:45 | Build | Barracks |
| 11:22 | Build | House |
| 11:33 | Research | Feudal Age |
| 11:44 | Create | Militia |
| 11:44 | Create | Militia |
| 11:44 | Create | Militia |
| 12:02 | Build | House |
| 12:03 | Build | House |
| 12:15 | Create | Militia |
| 12:16 | Create | Militia |
| 12:16 | Create | Militia |
| 12:21 | Create | Villager (Male) |
| 12:22 | Create | Villager (Male) |
| 12:22 | Create | Villager (Male) |
| 12:54 | Build | Farm |
| 13:11 | Create | Militia |
| 13:11 | Create | Militia |
| 13:12 | Create | Militia |
| 13:12 | Create | Militia |
| 13:49 | Age | Feudal Age |
| 14:04 | Build | Farm |
| 14:05 | Build | Farm |
| 14:07 | Build | Farm |
| 14:08 | Build | Farm |
| 14:08 | Build | Farm |
| 14:10 | Build | Farm |
| 14:11 | Build | Farm |
| 14:12 | Build | Farm |
| 14:16 | Research | Man-at-Arms (upgrade) |
| 14:34 | Build | Archery Range |
| 14:36 | Create | Villager (Male) |
| 14:36 | Create | Villager (Male) |
| 14:47 | Create | Spearman |
| 14:47 | Create | Spearman |
| 15:22 | Create | Spearman |
| 15:22 | Create | Spearman |
| 15:28 | Create | Villager (Male) |
| 15:28 | Create | Villager (Male) |
| 15:38 | Build | Farm |
| 15:45 | Build | Blacksmith |
| 15:47 | Create | Archer |
| 15:48 | Create | Archer |
| 15:48 | Create | Archer |
| 15:51 | Create | Villager (Male) |
| 15:52 | Create | Villager (Male) |
| 15:56 | Create | Villager (Male) |
| 15:56 | Create | Villager (Male) |
| 16:03 | Create | Spearman |
| 16:14 | Create | Villager (Male) |
| 16:14 | Create | Villager (Male) |
| 16:28 | Create | Villager (Male) |
| 16:38 | Build | Farm |
| 16:51 | Create | Villager (Male) |
| 16:51 | Create | Villager (Male) |
| 16:51 | Create | Villager (Male) |
| 17:09 | Build | Farm |
| 17:10 | Build | Farm |
| 17:12 | Build | Farm |
| 17:12 | Build | Farm |
| 17:14 | Build | Farm |
| 17:32 | Research | Forging |
| 18:13 | Research | Fletching |
| 18:15 | Create | Villager (Male) |
| 18:15 | Create | Villager (Male) |
Build order — danielrojaslaw
68 actions detected in the replay
| 0:04 | Research | Loom |
| 0:04 | Create | Villager (Male) |
| 0:04 | Create | Villager (Male) |
| 0:05 | Create | Villager (Male) |
| 0:05 | Create | Villager (Male) |
| 0:05 | Create | Villager (Male) |
| 0:27 | Build | House |
| 0:55 | Build | House |
| 1:32 | Build | House |
| 2:05 | Build | House |
| 2:36 | Create | Villager (Male) |
| 2:37 | Create | Villager (Male) |
| 2:48 | Build | House |
| 3:23 | Create | Villager (Male) |
| 3:23 | Create | Villager (Male) |
| 3:48 | Create | Villager (Male) |
| 3:48 | Create | Villager (Male) |
| 4:14 | Create | Villager (Male) |
| 4:55 | Create | Villager (Male) |
| 4:55 | Create | Villager (Male) |
| 4:55 | Create | Villager (Male) |
| 5:01 | Build | Lumber Camp |
| 5:25 | Create | Villager (Male) |
| 6:17 | Create | Villager (Male) |
| 6:18 | Create | Villager (Male) |
| 6:18 | Create | Villager (Male) |
| 6:34 | Create | Villager (Male) |
| 6:34 | Create | Villager (Male) |
| 6:57 | Create | Villager (Male) |
| 6:57 | Create | Villager (Male) |
| 7:54 | Build | Lumber Camp |
| 8:16 | Create | Villager (Male) |
| 8:17 | Create | Villager (Male) |
| 8:17 | Create | Villager (Male) |
| 8:23 | Build | Mill |
| 10:48 | Research | Feudal Age |
| 11:42 | Build | Mining Camp |
| 11:52 | Build | Farm |
| 11:55 | Build | Farm |
| 11:59 | Build | Farm |
| 12:06 | Build | Farm |
| 12:10 | Build | House |
| 12:14 | Build | Farm |
| 12:51 | Age | Feudal Age |
| 12:53 | Research | Wheelbarrow |
| 12:59 | Build | House |
| 13:02 | Research | Horse Collar |
| 13:05 | Research | Double-Bit Axe |
| 13:07 | Research | Gold Mining |
| 13:40 | Create | Villager (Male) |
| 13:50 | Create | Villager (Male) |
| 14:13 | Create | Villager (Male) |
| 14:30 | Build | House |
| 14:34 | Build | Farm |
| 14:39 | Create | Villager (Male) |
| 14:53 | Build | Farm |
| 15:03 | Build | Market |
| 15:09 | Build | House |
| 15:16 | Build | Farm |
| 15:23 | Create | Villager (Male) |
| 15:23 | Create | Villager (Male) |
| 15:37 | Build | Farm |
| 15:46 | Build | Farm |
| 15:50 | Create | Villager (Male) |
| 16:05 | Build | Farm |
| 16:25 | Build | Blacksmith |
| 16:50 | Build | Farm |
| 16:56 | Create | Villager (Male) |
Build order — Arya
75 actions detected in the replay
| 0:10 | Build | House |
| 0:11 | Build | House |
| 0:12 | Build | House |
| 0:16 | Build | House |
| 0:25 | Create | Villager (Male) |
| 0:25 | Create | Villager (Male) |
| 0:26 | Create | Villager (Male) |
| 0:26 | Create | Villager (Male) |
| 0:26 | Create | Villager (Male) |
| 0:43 | Research | Loom |
| 2:04 | Create | Villager (Male) |
| 2:04 | Create | Villager (Male) |
| 2:50 | Create | Villager (Male) |
| 2:50 | Create | Villager (Male) |
| 3:06 | Create | Villager (Male) |
| 3:06 | Create | Villager (Male) |
| 3:22 | Create | Villager (Male) |
| 3:22 | Create | Villager (Male) |
| 5:04 | Create | Villager (Male) |
| 5:04 | Create | Villager (Male) |
| 5:04 | Create | Villager (Male) |
| 5:04 | Create | Villager (Male) |
| 5:05 | Create | Villager (Male) |
| 6:58 | Create | Villager (Male) |
| 6:59 | Create | Villager (Male) |
| 6:59 | Create | Villager (Male) |
| 6:59 | Create | Villager (Male) |
| 6:59 | Create | Villager (Male) |
| 7:15 | Build | Mill |
| 8:40 | Create | Villager (Male) |
| 8:40 | Create | Villager (Male) |
| 9:10 | Create | Villager (Male) |
| 9:10 | Create | Villager (Male) |
| 9:10 | Create | Villager (Male) |
| 9:10 | Create | Villager (Male) |
| 9:28 | Create | Villager (Male) |
| 10:15 | Create | Villager (Male) |
| 10:16 | Create | Villager (Male) |
| 10:16 | Create | Villager (Male) |
| 10:16 | Create | Villager (Male) |
| 10:22 | Build | House |
| 10:23 | Build | House |
| 10:25 | Build | House |
| 10:39 | Create | Villager (Male) |
| 10:40 | Create | Villager (Male) |
| 11:20 | Build | Lumber Camp |
| 12:09 | Research | Feudal Age |
| 12:56 | Build | Farm |
| 13:16 | Build | Farm |
| 13:23 | Build | Farm |
| 13:36 | Build | Farm |
| 14:22 | Build | Farm |
| 14:24 | Build | Farm |
| 14:25 | Build | Farm |
| 14:26 | Build | Farm |
| 14:28 | Build | Farm |
| 14:38 | Build | Farm |
| 14:59 | Build | Farm |
| 15:07 | Build | Farm |
| 15:13 | Build | Farm |
| 15:24 | Build | Farm |
| 15:40 | Create | Villager (Male) |
| 15:51 | Build | Dock |
| 15:55 | Build | Dock |
| 16:19 | Build | Dock |
| 16:34 | Create | Fishing Ship |
| 16:42 | Age | Feudal Age |
| 16:44 | Research | Wheelbarrow |
| 16:49 | Research | Double-Bit Axe |
| 16:58 | Research | Horse Collar |
| 17:15 | Build | House |
| 17:17 | Build | House |
| 17:18 | Build | House |
| 17:22 | Create | Fishing Ship |
| 17:23 | Create | Fishing Ship |
Build order — EL SANTO PADRE EL ORIGINAL
106 actions detected in the replay
| 0:03 | Create | Villager (Male) |
| 0:04 | Create | Villager (Male) |
| 0:04 | Create | Villager (Male) |
| 0:04 | Create | Villager (Male) |
| 0:04 | Create | Villager (Male) |
| 0:09 | Build | House |
| 0:12 | Build | House |
| 0:39 | Research | Loom |
| 1:35 | Create | Villager (Male) |
| 1:35 | Create | Villager (Male) |
| 1:58 | Create | Villager (Male) |
| 1:59 | Create | Villager (Male) |
| 2:48 | Create | Villager (Male) |
| 2:48 | Create | Villager (Male) |
| 2:48 | Create | Villager (Male) |
| 3:02 | Create | Villager (Male) |
| 3:03 | Create | Villager (Male) |
| 3:33 | Build | House |
| 3:34 | Build | House |
| 3:39 | Create | Villager (Male) |
| 3:39 | Create | Villager (Male) |
| 3:50 | Create | Villager (Male) |
| 3:50 | Create | Villager (Male) |
| 3:58 | Build | Lumber Camp |
| 4:14 | Create | Villager (Male) |
| 4:43 | Create | Villager (Male) |
| 4:43 | Create | Villager (Male) |
| 4:57 | Create | Villager (Male) |
| 4:57 | Create | Villager (Male) |
| 5:30 | Create | Villager (Male) |
| 5:30 | Create | Villager (Male) |
| 5:57 | Create | Villager (Male) |
| 6:17 | Create | Villager (Male) |
| 6:18 | Create | Villager (Male) |
| 6:18 | Create | Villager (Male) |
| 6:33 | Create | Villager (Male) |
| 6:33 | Create | Villager (Male) |
| 6:59 | Build | Lumber Camp |
| 7:13 | Build | Dock |
| 7:25 | Create | Villager (Male) |
| 7:57 | Build | House |
| 7:58 | Build | House |
| 8:14 | Build | Dock |
| 8:19 | Create | Fishing Ship |
| 8:48 | Create | Fishing Ship |
| 9:23 | Build | Dock |
| 9:57 | Create | Fishing Ship |
| 9:57 | Create | Fishing Ship |
| 10:19 | Build | Mining Camp |
| 10:27 | Create | Fishing Ship |
| 10:27 | Create | Fishing Ship |
| 10:38 | Create | Fishing Ship |
| 10:38 | Create | Fishing Ship |
| 11:04 | Build | Barracks |
| 11:15 | Create | Fishing Ship |
| 11:15 | Create | Fishing Ship |
| 11:30 | Create | Fishing Ship |
| 11:47 | Create | Fishing Ship |
| 11:48 | Create | Fishing Ship |
| 11:48 | Create | Fishing Ship |
| 11:54 | Research | Feudal Age |
| 12:09 | Build | Mining Camp |
| 12:16 | Create | Villager (Male) |
| 12:16 | Create | Villager (Male) |
| 12:22 | Create | Fishing Ship |
| 12:22 | Create | Fishing Ship |
| 12:26 | Create | Fishing Ship |
| 12:44 | Create | Fishing Ship |
| 12:45 | Create | Fishing Ship |
| 12:53 | Create | Villager (Male) |
| 12:53 | Create | Villager (Male) |
| 12:53 | Create | Villager (Male) |
| 13:15 | Create | Fishing Ship |
| 13:15 | Create | Fishing Ship |
| 13:15 | Create | Fishing Ship |
| 13:36 | Create | Fishing Ship |
| 13:36 | Create | Fishing Ship |
| 13:37 | Create | Fishing Ship |
| 13:47 | Create | Villager (Male) |
| 13:47 | Create | Villager (Male) |
| 13:47 | Create | Villager (Male) |
| 14:04 | Age | Feudal Age |
| 14:29 | Build | Fish Trap |
| 14:34 | Build | Fish Trap |
| 14:39 | Build | Fish Trap |
| 14:43 | Build | Fish Trap |
| 14:48 | Build | Fish Trap |
| 15:00 | Research | Double-Bit Axe |
| 15:20 | Build | Blacksmith |
| 15:32 | Build | House |
| 15:33 | Build | House |
| 15:34 | Build | House |
| 15:35 | Build | House |
| 15:50 | Build | Lumber Camp |
| 16:16 | Build | Fish Trap |
| 16:25 | Create | Villager (Male) |
| 16:25 | Create | Villager (Male) |
| 16:25 | Create | Villager (Male) |
| 16:26 | Create | Villager (Male) |
| 16:51 | Build | Fish Trap |
| 16:55 | Build | Fish Trap |
| 17:02 | Build | Fish Trap |
| 17:25 | Build | Stable |
| 17:38 | Build | Fish Trap |
| 17:55 | Build | Fish Trap |
| 18:13 | Build | Fish Trap |
Build order — wallis159
71 actions detected in the replay
| 0:18 | Research | Loom |
| 0:19 | Create | Villager (Male) |
| 0:19 | Create | Villager (Male) |
| 0:19 | Create | Villager (Male) |
| 0:19 | Create | Villager (Male) |
| 0:20 | Create | Villager (Male) |
| 0:43 | Build | House |
| 0:47 | Build | House |
| 1:49 | Build | House |
| 1:51 | Build | House |
| 2:12 | Create | Villager (Male) |
| 2:12 | Create | Villager (Male) |
| 2:52 | Create | Villager (Male) |
| 3:33 | Create | Villager (Male) |
| 3:33 | Create | Villager (Male) |
| 4:29 | Create | Villager (Male) |
| 4:29 | Create | Villager (Male) |
| 4:30 | Create | Villager (Male) |
| 5:00 | Create | Villager (Male) |
| 5:00 | Create | Villager (Male) |
| 6:00 | Create | Villager (Male) |
| 6:01 | Create | Villager (Male) |
| 6:02 | Create | Villager (Male) |
| 6:03 | Create | Villager (Male) |
| 7:16 | Build | Mill |
| 9:00 | Build | Lumber Camp |
| 9:20 | Build | Mill |
| 9:33 | Research | Feudal Age |
| 11:43 | Age | Feudal Age |
| 11:47 | Research | Wheelbarrow |
| 11:49 | Research | Horse Collar |
| 11:54 | Research | Double-Bit Axe |
| 11:58 | Create | Villager (Male) |
| 12:23 | Create | Villager (Male) |
| 12:24 | Create | Villager (Male) |
| 12:24 | Create | Villager (Male) |
| 13:25 | Create | Villager (Male) |
| 13:25 | Create | Villager (Male) |
| 13:25 | Create | Villager (Male) |
| 13:37 | Build | Farm |
| 13:56 | Build | Farm |
| 14:21 | Build | Farm |
| 14:28 | Build | Lumber Camp |
| 14:33 | Create | Villager (Male) |
| 14:34 | Create | Villager (Male) |
| 14:40 | Build | House |
| 14:44 | Build | House |
| 14:47 | Build | House |
| 14:57 | Build | Farm |
| 15:12 | Build | Farm |
| 15:19 | Create | Villager (Male) |
| 15:52 | Build | Farm |
| 15:57 | Create | Villager (Male) |
| 15:57 | Create | Villager (Male) |
| 15:57 | Create | Villager (Male) |
| 16:08 | Build | Farm |
| 16:22 | Build | House |
| 16:27 | Build | House |
| 16:29 | Build | House |
| 16:33 | Build | Farm |
| 16:36 | Create | Villager (Male) |
| 16:36 | Create | Villager (Male) |
| 16:36 | Create | Villager (Male) |
| 16:37 | Create | Villager (Male) |
| 17:26 | Build | Farm |
| 17:30 | Build | Farm |
| 17:37 | Build | Lumber Camp |
| 17:43 | Create | Villager (Male) |
| 17:43 | Create | Villager (Male) |
| 17:48 | Build | Farm |
| 17:56 | Build | Farm |
Build order — RAFAEL CORREA DELGADO
48 actions detected in the replay
| 0:29 | Build | House |
| 0:30 | Build | House |
| 0:57 | Research | Loom |
| 0:58 | Create | Villager (Male) ×4 |
| 1:22 | Build | Dock |
| 2:46 | Create | Villager (Male) |
| 3:37 | Create | Villager (Male) |
| 4:23 | Create | Villager (Male) |
| 4:28 | Create | Villager (Male) |
| 4:54 | Create | Villager (Male) |
| 4:54 | Create | Villager (Male) |
| 5:21 | Create | Villager (Male) |
| 5:21 | Create | Villager (Male) |
| 6:21 | Build | Lumber Camp |
| 6:36 | Create | Villager (Male) |
| 6:37 | Create | Villager (Male) |
| 7:30 | Build | House |
| 7:33 | Build | House |
| 7:38 | Build | House |
| 8:20 | Create | Fishing Ship |
| 8:45 | Create | Fishing Ship |
| 9:15 | Create | Fishing Ship |
| 9:53 | Build | Mill |
| 10:19 | Create | Fishing Ship |
| 10:57 | Research | Feudal Age |
| 11:04 | Create | Fishing Ship |
| 11:38 | Create | Fishing Ship |
| 12:25 | Build | Barracks |
| 13:07 | Age | Feudal Age |
| 13:32 | Research | Double-Bit Axe |
| 13:57 | Build | Fish Trap |
| 13:58 | Build | Fish Trap |
| 13:59 | Build | Fish Trap |
| 14:01 | Build | Fish Trap |
| 14:11 | Create | Villager (Male) |
| 14:12 | Create | Villager (Male) |
| 14:23 | Research | Horse Collar |
| 15:02 | Build | Fish Trap |
| 15:15 | Build | Fish Trap |
| 15:28 | Create | Villager (Male) |
| 15:48 | Build | Blacksmith |
| 16:30 | Build | Dock |
| 16:55 | Create | Spearman |
| 16:56 | Create | Spearman |
| 16:56 | Create | Spearman |
| 16:57 | Create | Spearman |
| 17:13 | Create | Villager (Male) |
| 18:00 | Build | Mining Camp |
Match timeline
| 1:22 | RAFAEL CORREA DELGADO · first_building Dock |
| 7:13 | EL SANTO PADRE EL ORIGINAL · first_building Dock |
| 10:45 | EL_PUERCO_REDENTOR · first_building Barracks |
| 11:04 | EL SANTO PADRE EL ORIGINAL · first_building Barracks |
| 11:43 | wallis159 · age_up feudal |
| 12:25 | RAFAEL CORREA DELGADO · first_building Barracks |
| 12:51 | danielrojaslaw · age_up feudal |
| 13:07 | RAFAEL CORREA DELGADO · age_up feudal |
| 13:49 | EL_PUERCO_REDENTOR · age_up feudal |
| 14:04 | EL SANTO PADRE EL ORIGINAL · age_up feudal |
| 14:34 | EL_PUERCO_REDENTOR · first_building Archery Range |
| 15:51 | Arya · first_building Dock |
| 16:42 | Arya · age_up feudal |
| 17:12 | danielrojaslaw · resign |
| 17:25 | EL SANTO PADRE EL ORIGINAL · first_building Stable |
[ AI ANALYSIS · 1 CREDIT ]
What really happened in this match?
Wolo.gg analyzes every decision: build order, eco, micro, common mistakes by bracket. Personalized analysis on WhatsApp or Discord in 30 seconds.
Civ guide
Teutons
Map guide
MegaRandom
Perfil
EL_PUERCO_REDENTOR